Golden Seals vs Capitals

Created - 4 octobre 2019 at 13:28

Simulating a Pre-Season

Goals
1 2 3 T
Golden Seals 0 1 0 1
Capitals 1 0 1 2
Shots
1 2 3 T
Golden Seals 2 22 8 32
Capitals 12 7 14 33

1st period

1. Capitals , Elias Pettersson 6 (Brock Nelson 4) at 1:52

Penalties :
Zach Bogosian (WAS) for Hooking (Minor) at 3:41

2nd period

2. Golden Seals , Robert Hagg 1 (Mark Letestu 3, Oskar Lindblom 2) at 11:17

Penalties :
No Penalty

3rd period

3. Capitals , Josh Bailey 4 (Elias Pettersson 7) at 14:19

Penalties :
Ian Cole (WAS) for Tripping (Minor) at 16:17

Goalie Stats

Andrei Vasilevskiy (CLF), 31 saves from 33 shots - (0,939), L, 8-3-1, 60:00 minutes
Antti Raanta (WAS), 31 saves from 32 shots - (0,969), W, 6-4-1, 60:00 minutes

Players Stats for Golden Seals

Player Name              G  A  P  +/- PIM S  H  SB GA TA FO     MP     PP MP  PK MP  
------------------------------------------------------------------------------------
Cody Ceci                0  0  0   0  0   2  1  1  0  0  0/0    20:09   1:21   0:00 
Colin Wilson             0  0  0   1  0   1  2  0  1  0  0/0     8:30   0:00   0:00 
Colton Parayko           0  0  0   0  0   1  1  1  0  1  0/0    23:50   1:21   0:00 
Ivan Barbashev           0  0  0  -1  0   0  0  1  0  0  1/7    12:52   0:00   0:00 
Jaden Schwartz           0  0  0  -1  0   8  1  0  1  0  0/0    14:25   1:46   0:00 
Joe Pavelski             0  0  0  -1  0   1  2  2  0  0  0/0    19:50   1:46   0:00 
Jonathan Toews           0  0  0   0  0   4  0  0  0  1  20/34  19:56   2:12   0:00 
Keith Yandle             0  0  0  -1  0   1  0  1  1  0  0/0    17:07   2:37   0:00 
Mark Letestu             0  1  1   1  0   0  1  0  0  0  0/0     8:11   0:00   0:00 
Max Domi                 0  0  0   0  0   1  0  0  1  0  1/1    20:09   2:12   0:00 
Miles Wood               0  0  0  -1  0   2  3  0  0  0  0/0    13:11   0:00   0:00 
Nate Schmidt             0  0  0   0  0   2  3  2  0  0  0/0    24:31   2:37   0:00 
Olli Maatta              0  0  0   0  0   2  0  0  0  0  0/0    20:11   0:00   0:00 
Ondrej Kase              0  0  0   0  0   1  2  0  0  0  0/0    18:48   2:12   0:00 
Oskar Lindblom           0  1  1   1  0   0  2  0  0  1  0/0     8:11   0:00   0:00 
Robert Hagg              1  0  1  -1  0   1  3  0  0  1  0/0    14:12   0:00   0:00 
Tyler Toffoli            0  0  0  -1  0   2  4  0  0  0  0/1    17:15   0:00   0:00 
William Karlsson         0  0  0  -1  0   3  0  0  2  0  5/12   18:42   1:46   0:00 

Players Stats for Capitals

Player Name              G  A  P  +/- PIM S  H  SB GA TA FO     MP     PP MP  PK MP  
------------------------------------------------------------------------------------
Anton Stralman           0  0  0   1  0   0  1  1  0  0  0/0    18:38   0:00   1:13 
Brady Skjei              0  0  0  -1  0   3  2  1  0  1  0/0    17:30   0:00   1:13 
Brock Nelson             0  1  1   2  0   1  0  0  0  0  12/16  16:55   0:00   0:00 
Claude Giroux            0  0  0   0  0   4  2  0  0  1  13/26  20:07   0:00   0:45 
Damon Severson           0  0  0   1  0   1  0  1  0  0  0/0    24:39   0:00   2:45 
Darren Helm              0  0  0   0  0   2  2  0  1  0  0/0    14:57   0:00   1:56 
Derek Grant              0  0  0  -1  0   2  0  0  0  1  0/1     8:12   0:00   0:55 
Elias Pettersson         1  1  2   2  0   3  0  0  0  1  0/1    17:29   0:00   1:07 
Ian Cole                 0  0  0  -1  2   4  2  3  0  0  0/0    18:00   0:00   1:22 
Jake Guentzel            0  0  0   0  0   1  1  0  0  0  0/0    18:14   0:00   0:00 
Joel Eriksson Ek         0  0  0   0  0   1  0  1  0  0  0/0    12:54   0:00   0:00 
Josh Bailey              1  0  1   2  0   2  1  0  1  0  1/1    15:47   0:00   0:00 
Oliver Ekman-Larsson     0  0  0   1  0   3  0  1  1  1  0/0    23:00   0:00   0:00 
Riley Sheahan            0  0  0  -1  0   0  0  0  0  0  0/0     9:09   0:00   1:17 
Tomas Tatar              0  0  0   0  0   3  2  1  1  1  0/1    19:22   0:00   0:00 
Tyler Pitlick            0  0  0  -1  0   1  0  0  0  0  0/0     7:17   0:00   0:00 
Valtteri Filppula        0  0  0   0  0   2  0  1  0  0  2/9    14:57   0:00   1:56 
Zach Bogosian            0  0  0   1  2   0  2  3  0  0  0/0    18:53   0:00   1:23 

3 Stars

1 - Antti Raanta (WAS)
2 - Elias Pettersson (WAS)
3 - Josh Bailey (WAS)

Power Play

Golden Seals - 0 on 2 Attempt(s) - 0,00%
Capitals - 0 on 0 Attempt(s) - 0,00%

Penalty Kill

Golden Seals - 0 on 0 Attempt(s) - 0,00% - Score 0 goal in Penalty Kill
Capitals - 2 on 2 Attempt(s) - 100,00% - Score 0 goal in Penalty Kill

Team Stat

Golden Seals - Hits : 25 - Faceoff Wins : 27 - Blocked Shots : 8 - Penalty Minutes : 0
Capitals - Hits : 15 - Faceoff Wins : 28 - Blocked Shots : 13 - Penalty Minutes : 4

Official

Referees : Gord Dwyer and Rob Martell
Linesman : Steve Miller and Tim Nowak

Game Notes

No Game Note

Golden Seals

5 vs 5 Forward 
   Center                   Left Wing                Right Wing               Time % Phy DF OF 
 1 Jonathan Toews           Max Domi                 Ondrej Kase              36     0   2  3  
 2 William Karlsson         Joe Pavelski             Tyler Toffoli            34     0   2  3  
 3 Ivan Barbashev           Jaden Schwartz           Miles Wood               20     1   2  2  
 4 Colin Wilson             Oskar Lindblom           Mark Letestu             10     1   2  2  

5 vs 5 Defense 
   Defense                  Defense                                           Time % Phy DF OF 
 1 Nate Schmidt             Colton Parayko                                    39     0   4  1  
 2 Cody Ceci                Olli Maatta                                       35     0   4  1  
 3 Keith Yandle             Robert Hagg                                       26     0   4  1  
 4 Keith Yandle             Colton Parayko                                    0      1   2  2  

PowerPlay Forward 
   Center                   Left Wing                Right Wing               Time % Phy DF OF 
 1 Jonathan Toews           Max Domi                 Ondrej Kase              60     1   0  4  
 2 William Karlsson         Joe Pavelski             Jaden Schwartz           40     1   0  4  

PowerPlay Defense
   Defense                  Defense                                           Time % Phy DF OF 
 1 Keith Yandle             Nate Schmidt                                      70     0   0  5  
 2 Cody Ceci                Colton Parayko                                    30     0   1  4  

Penalty Kill 4 Players Forward 
   Center                   Wing                     Time % Phy DF OF 
 1 Mark Letestu             Ivan Barbashev           60     1   4  0  
 2 Tyler Toffoli            Oskar Lindblom           40     1   4  0  

Penalty Kill 4 Players Defense
   Defense                  Defense                  Time % Phy DF OF 
 1 Olli Maatta              Robert Hagg              70     1   4  0  
 2 Cody Ceci                Colton Parayko           30     1   4  0  

Penalty Kill - 3 Players Forward 
   Forward                                           Time % Phy DF OF 
 1 Mark Letestu                                      60     1   4  0  
 2 Ivan Barbashev                                    40     1   4  0  

Penalty Kill - 3 Players Defense
   Defense                  Defense                  Time % Phy DF OF 
 1 Olli Maatta              Robert Hagg              60     0   5  0  
 2 Cody Ceci                Colton Parayko           40     0   5  0  

4 vs 4 Forward 
   Center                   Wing                     Time % Phy DF OF 
 1 Jonathan Toews           Max Domi                 60     0   2  3  
 2 William Karlsson         Joe Pavelski             40     0   2  3  

4 vs 4 Defense
   Defense                  Defense                  Time % Phy DF OF 
 1 Colton Parayko           Nate Schmidt             60     0   3  2  
 2 Keith Yandle             Cody Ceci                40     0   3  2  

Last Minutes Offensive
   Center                   Left Wing                Right Wing               Defense                  Defense                  
   Jonathan Toews           Max Domi                 Joe Pavelski             Colton Parayko           Keith Yandle             

Last Minutes Defensive
   Center                   Left Wing                Right Wing               Defense                  Defense                  
   William Karlsson         Ivan Barbashev           Tyler Toffoli            Colton Parayko           Cody Ceci                

Goaltenders
Starting : Andrei Vasilevskiy       
Backup : Patrik Rybar             

Extra Forwards
Normal : Miles Wood, Jaden Schwartz, Joe Pavelski - PP : Miles Wood, Colin Wilson - PK : Jaden Schwartz
Extra Defensemen
Normal : Keith Yandle, Olli Maatta, Colton Parayko - PP : Keith Yandle - PK : Colton Parayko, Robert Hagg
Penalty Shots
Jonathan Toews, William Karlsson, Ondrej Kase, Joe Pavelski, Max Domi
Custom OT Lines Forwards
Jonathan Toews, Max Domi, William Karlsson, Joe Pavelski, Ondrej Kase, Jaden Schwartz, Oskar Lindblom, Ivan Barbashev, Colin Wilson, Miles Wood
Custom OT Lines Defensemen
Keith Yandle, Colton Parayko, Cody Ceci, Nate Schmidt, Olli Maatta

Scratches
Adam Mascherin (Healthy), Ryan Olsen (Healthy), Brandon Baddock (Healthy), Nick Cousins (Healthy), Angus Redmond (Healthy)

Capitals

5 vs 5 Forward 
   Center                   Left Wing                Right Wing               Time % Phy DF OF 
 1 Claude Giroux            Jake Guentzel            Tomas Tatar              35     1   1  3  
 2 Brock Nelson             Elias Pettersson         Josh Bailey              30     1   1  3  
 3 Valtteri Filppula        Darren Helm              Joel Eriksson Ek         23     1   2  2  
 4 Riley Sheahan            Derek Grant              Tyler Pitlick            12     1   3  1  

5 vs 5 Defense 
   Defense                  Defense                                           Time % Phy DF OF 
 1 Damon Severson           Oliver Ekman-Larsson                              31     1   2  2  
 2 Ian Cole                 Brady Skjei                                       30     1   2  2  
 3 Anton Stralman           Zach Bogosian                                     29     1   2  2  
 4 Damon Severson           Oliver Ekman-Larsson                              10     1   2  2  

PowerPlay Forward 
   Center                   Left Wing                Right Wing               Time % Phy DF OF 
 1 Claude Giroux            Jake Guentzel            Tomas Tatar              60     1   2  2  
 2 Brock Nelson             Elias Pettersson         Josh Bailey              40     1   2  2  

PowerPlay Defense
   Defense                  Defense                                           Time % Phy DF OF 
 1 Damon Severson           Oliver Ekman-Larsson                              60     1   2  2  
 2 Anton Stralman           Brady Skjei                                       40     1   2  2  

Penalty Kill 4 Players Forward 
   Center                   Wing                     Time % Phy DF OF 
 1 Valtteri Filppula        Darren Helm              60     1   2  2  
 2 Derek Grant              Riley Sheahan            40     1   2  2  

Penalty Kill 4 Players Defense
   Defense                  Defense                  Time % Phy DF OF 
 1 Ian Cole                 Zach Bogosian            60     1   2  2  
 2 Brady Skjei              Damon Severson           40     1   2  2  

Penalty Kill - 3 Players Forward 
   Forward                                           Time % Phy DF OF 
 1 Riley Sheahan                                     60     1   2  2  
 2 Darren Helm                                       40     1   2  2  

Penalty Kill - 3 Players Defense
   Defense                  Defense                  Time % Phy DF OF 
 1 Ian Cole                 Zach Bogosian            60     1   2  2  
 2 Brady Skjei              Damon Severson           40     1   2  2  

4 vs 4 Forward 
   Center                   Wing                     Time % Phy DF OF 
 1 Claude Giroux            Jake Guentzel            60     1   2  2  
 2 Brock Nelson             Elias Pettersson         40     1   2  2  

4 vs 4 Defense
   Defense                  Defense                  Time % Phy DF OF 
 1 Damon Severson           Oliver Ekman-Larsson     60     1   2  2  
 2 Anton Stralman           Brady Skjei              40     1   2  2  

Last Minutes Offensive
   Center                   Left Wing                Right Wing               Defense                  Defense                  
   Claude Giroux            Brock Nelson             Tomas Tatar              Damon Severson           Oliver Ekman-Larsson     

Last Minutes Defensive
   Center                   Left Wing                Right Wing               Defense                  Defense                  
   Claude Giroux            Brock Nelson             Tomas Tatar              Damon Severson           Oliver Ekman-Larsson     

Goaltenders
Starting : Antti Raanta             
Backup : Samuel Montembeault      

Extra Forwards
Normal : Derek Grant, Valtteri Filppula, Riley Sheahan - PP : Derek Grant, Valtteri Filppula - PK : Riley Sheahan
Extra Defensemen
Normal : Anton Stralman, Zach Bogosian, Ian Cole - PP : Anton Stralman - PK : Zach Bogosian, Ian Cole
Penalty Shots
Claude Giroux, Brock Nelson, Elias Pettersson, Jake Guentzel, Tomas Tatar
Custom OT Lines Forwards
Claude Giroux, Brock Nelson, Elias Pettersson, Jake Guentzel, Tomas Tatar, Josh Bailey, Valtteri Filppula, Riley Sheahan, Darren Helm, Joel Eriksson Ek
Custom OT Lines Defensemen
Damon Severson, Oliver Ekman-Larsson, Ian Cole, Brady Skjei, Anton Stralman

Scratches
Ben Chiarot (Healthy)

% Time on Ice - Golden Seals

Lines # - Real PCT - Wanted PCT - Time Play
Normal Forward
1 - 30% - 36% - 16:36
2 - 31% - 34% - 17:15
3 - 23% - 20% - 12:52
4 - 15% - 10% - 8:11
Normal Defense
1 - 39% - 39% - 21:26
2 - 35% - 35% - 19:16
3 - 26% - 26% - 14:12
4 - 0% - 0% - 0:00
PP Forward
1 - 55% - 60% - 2:12
2 - 45% - 40% - 1:46
PP Defense
1 - 66% - 70% - 2:37
2 - 34% - 30% - 1:21
PK Forward
1 - 0% - 60%
2 - 0% - 40%
PK Defense
1 - 0% - 70%
2 - 0% - 30%
PK3 Forward
1 - 0% - 60%
2 - 0% - 40%
PK3 Defense
1 - 0% - 60%
2 - 0% - 40%
44 Forward
1 - 0% - 60%
2 - 0% - 40%
44 Defense
1 - 0% - 60%
2 - 0% - 40%
Last Minute Offensive  - 1:08
Last Minute Defensive  - 0:00
Total
Forward - 60:00
Defense - 60:00

% Time on Ice - Capitals

Lines # - Real PCT - Wanted PCT - Time Play
Normal Forward
1 - 34% - 35% - 18:56
2 - 29% - 30% - 15:47
3 - 23% - 23% - 12:54
4 - 13% - 12% - 7:17
Normal Defense
1 - 32% - 31% - 17:41
2 - 29% - 30% - 16:10
3 - 29% - 29% - 16:10
4 - 9% - 10% - 4:53
PP Forward
1 - 0% - 60%
2 - 0% - 40%
PP Defense
1 - 0% - 60%
2 - 0% - 40%
PK Forward
1 - 77% - 60% - 3:03
2 - 23% - 40% - 0:55
PK Defense
1 - 92% - 60% - 3:39
2 - 8% - 40% - 0:19
PK3 Forward
1 - 0% - 60%
2 - 0% - 40%
PK3 Defense
1 - 0% - 60%
2 - 0% - 40%
44 Forward
1 - 0% - 60%
2 - 0% - 40%
44 Defense
1 - 0% - 60%
2 - 0% - 40%
Last Minute Offensive  - 0:00
Last Minute Defensive  - 1:08
Total
Forward - 60:00
Defense - 60:00

Play-by-Play

1st period


0:01 of 1st period - Jonathan Toews wins face-off versus Claude Giroux in neutral zone.
0:04 of 1st period - Claude Giroux is hit by Ondrej Kase and loses puck.
0:53 of 1st period - Ian Cole is hit by Miles Wood and loses puck.
1:28 of 1st period - Snap shot by Jake Guentzel.
1:28 of 1st period - Stopped by Andrei Vasilevskiy without a rebound.
1:29 of 1st period - Claude Giroux wins face-off versus Jonathan Toews in Golden Seals zone.
1:36 of 1st period - Slapshot by Jake Guentzel.
1:36 of 1st period - Shot Misses the Net.
1:38 of 1st period - Slapshot by Ian Cole.
1:38 of 1st period - Stopped by Andrei Vasilevskiy with a rebound.
1:42 of 1st period - Wrist shot by Claude Giroux.
1:42 of 1st period - Stopped by Andrei Vasilevskiy with a rebound.
1:44 of 1st period - Slapshot by Ian Cole.
1:44 of 1st period - Stopped by Andrei Vasilevskiy with a rebound.
1:46 of 1st period - Slapshot by Brady Skjei.
1:46 of 1st period - Deflect By Cody Ceci.
1:46 of 1st period - Stopped by Andrei Vasilevskiy without a rebound.
1:47 of 1st period - Brock Nelson wins face-off versus Tyler Toffoli in Golden Seals zone.
1:50 of 1st period - Snap shot by Elias Pettersson.
1:50 of 1st period - Shot Blocked by Joe Pavelski.
1:52 of 1st period - Snap shot by Elias Pettersson.
1:52 of 1st period - Goal by Elias Pettersson - Golden Seals : 0 - Capitals : 1.
1:53 of 1st period - Brock Nelson wins face-off versus William Karlsson in neutral zone.
2:04 of 1st period - Joe Pavelski is hit by Zach Bogosian and loses puck.
2:28 of 1st period - Slapshot by Oliver Ekman-Larsson.
2:28 of 1st period - Stopped by Andrei Vasilevskiy with a rebound.
2:46 of 1st period - Wrist shot by Jake Guentzel.
2:46 of 1st period - Shot Misses the Net.
2:48 of 1st period - Slapshot by Brady Skjei.
2:48 of 1st period - Stopped by Andrei Vasilevskiy with a rebound.
2:50 of 1st period - Slapshot by Brady Skjei.
2:50 of 1st period - Stopped by Andrei Vasilevskiy with a rebound.
2:52 of 1st period - Wrist shot by Tomas Tatar.
2:52 of 1st period - Shot Misses the Net.
2:54 of 1st period - Wrist shot by Tomas Tatar.
2:54 of 1st period - Stopped by Andrei Vasilevskiy with a rebound.
3:27 of 1st period - Snap shot by William Karlsson.
3:27 of 1st period - Shot Misses the Net.
3:29 of 1st period - Snap shot by William Karlsson.
3:29 of 1st period - Shot Blocked by Zach Bogosian.
3:41 of 1st period - Minor Penalty to Zach Bogosian for Hooking.
3:42 of 1st period - Jonathan Toews wins face-off versus Valtteri Filppula in Capitals zone.
4:53 of 1st period - Colton Parayko is hit by Darren Helm and loses puck.
5:41 of 1st period - Penalty to Zach Bogosian is over, Zach Bogosian is back on ice.
6:33 of 1st period - Brady Skjei is hit by Robert Hagg and loses puck.
7:22 of 1st period - Darren Helm is hit by Tyler Toffoli and loses puck.
7:39 of 1st period - Zach Bogosian is hit by Jaden Schwartz and loses puck.
8:13 of 1st period - Slapshot by Colin Wilson.
8:13 of 1st period - Shot Misses the Net.
8:15 of 1st period - Slapshot by Olli Maatta.
8:15 of 1st period - Shot Blocked by Ian Cole.
8:25 of 1st period - Wrist shot by Jaden Schwartz.
8:25 of 1st period - Stopped by Antti Raanta with a rebound.
8:35 of 1st period - Tyler Pitlick is hit by Robert Hagg and loses puck.
10:49 of 1st period - Slapshot by Joe Pavelski.
10:49 of 1st period - Shot Misses the Net.
11:14 of 1st period - Oliver Ekman-Larsson is hit by Miles Wood and loses puck.
11:27 of 1st period - Robert Hagg is hit by Tomas Tatar and loses puck.
12:02 of 1st period - Snap shot by Darren Helm.
12:02 of 1st period - Stopped by Andrei Vasilevskiy with a rebound.
12:09 of 1st period - Icing by Olli Maatta.
12:10 of 1st period - Brock Nelson wins face-off versus Ivan Barbashev in Golden Seals zone.
12:55 of 1st period - Off-side.
12:56 of 1st period - Jonathan Toews wins face-off versus Valtteri Filppula in neutral zone.
13:22 of 1st period - William Karlsson is hit by Claude Giroux and loses puck.
13:51 of 1st period - Damon Severson is hit by Robert Hagg and loses puck.
14:58 of 1st period - Anton Stralman is hit by Oskar Lindblom and loses puck.
15:46 of 1st period - Icing by Zach Bogosian.
15:47 of 1st period - Jonathan Toews wins face-off versus Valtteri Filppula in Capitals zone.
15:48 of 1st period - Backhand shot by Max Domi.
15:48 of 1st period - Deflect By Tyler Toffoli.
15:48 of 1st period - Shot Hit the Post.
15:48 of 1st period - Puck is out of play.
15:49 of 1st period - Claude Giroux wins face-off versus William Karlsson in Capitals zone.
16:40 of 1st period - Brady Skjei is hit by Mark Letestu and loses puck.
17:03 of 1st period - Snap shot by Jaden Schwartz.
17:03 of 1st period - Stopped by Antti Raanta without a rebound.
17:04 of 1st period - Claude Giroux wins face-off versus Ivan Barbashev in Capitals zone.
18:03 of 1st period - Off-side.
18:04 of 1st period - Jonathan Toews wins face-off versus Claude Giroux in neutral zone.
18:09 of 1st period - Icing by Jake Guentzel.
18:10 of 1st period - Claude Giroux wins face-off versus Jonathan Toews in Capitals zone.
18:37 of 1st period - Snap shot by Joe Pavelski.
18:37 of 1st period - Shot Misses the Net.
18:43 of 1st period - Snap shot by Brock Nelson.
18:43 of 1st period - Shot Misses the Net.
19:25 of 1st period - Snap shot by Valtteri Filppula.
19:25 of 1st period - Stopped by Andrei Vasilevskiy without a rebound.
19:26 of 1st period - Jonathan Toews wins face-off versus Claude Giroux in Golden Seals zone.
19:51 of 1st period - Oliver Ekman-Larsson is hit by Oskar Lindblom and loses puck.
Goals for this period are 0 for Golden Seals vs 1 for Capitals.
Shots for this period are 2 for Golden Seals vs 12 for Capitals.

2nd period


0:01 of 2nd period - Brock Nelson wins face-off versus Jonathan Toews in neutral zone.
0:34 of 2nd period - Claude Giroux is hit by Tyler Toffoli and loses puck.
0:53 of 2nd period - Snap shot by Miles Wood.
0:53 of 2nd period - Deflect By Ivan Barbashev.
0:53 of 2nd period - Shot Hit the Post.
0:53 of 2nd period - Puck is out of play.
0:54 of 2nd period - Josh Bailey wins face-off versus Jonathan Toews in Capitals zone.
1:47 of 2nd period - Slapshot by Jaden Schwartz.
1:47 of 2nd period - Stopped by Antti Raanta with a rebound.
1:49 of 2nd period - Slapshot by Nate Schmidt.
1:49 of 2nd period - Shot Misses the Net.
1:51 of 2nd period - Slapshot by Ivan Barbashev.
1:51 of 2nd period - Deflect By Miles Wood.
1:51 of 2nd period - Shot Blocked by Zach Bogosian.
1:51 of 2nd period - Puck is out of play.
1:52 of 2nd period - Brock Nelson wins face-off versus Jonathan Toews in Capitals zone.
2:05 of 2nd period - Snap shot by Elias Pettersson.
2:05 of 2nd period - Stopped by Andrei Vasilevskiy without a rebound.
2:06 of 2nd period - William Karlsson wins face-off versus Claude Giroux in Golden Seals zone.
2:17 of 2nd period - Backhand shot by William Karlsson.
2:17 of 2nd period - Shot Misses the Net.
2:49 of 2nd period - Off-side.
2:50 of 2nd period - Brock Nelson wins face-off versus Jonathan Toews in neutral zone.
3:05 of 2nd period - Wrist shot by Jonathan Toews.
3:05 of 2nd period - Stopped by Antti Raanta with a rebound.
3:22 of 2nd period - Wrist shot by Jaden Schwartz.
3:22 of 2nd period - Shot Blocked by Ian Cole.
3:24 of 2nd period - Slapshot by Cody Ceci.
3:24 of 2nd period - Stopped by Antti Raanta without a rebound.
3:25 of 2nd period - Claude Giroux wins face-off versus Ivan Barbashev in Capitals zone.
3:40 of 2nd period - Jaden Schwartz is hit by Claude Giroux and loses puck.
4:01 of 2nd period - Slapshot by Jonathan Toews.
4:01 of 2nd period - Stopped by Antti Raanta with a rebound.
4:03 of 2nd period - Wrist shot by Max Domi.
4:03 of 2nd period - Stopped by Antti Raanta with a rebound.
4:53 of 2nd period - Icing by Tomas Tatar.
4:54 of 2nd period - Ivan Barbashev wins face-off versus Claude Giroux in Capitals zone.
4:57 of 2nd period - Snap shot by Jonathan Toews.
4:57 of 2nd period - Stopped by Antti Raanta without a rebound.
4:58 of 2nd period - Claude Giroux wins face-off versus Jonathan Toews in Capitals zone.
5:09 of 2nd period - Slapshot by Claude Giroux.
5:09 of 2nd period - Shot Misses the Net.
5:25 of 2nd period - Tyler Toffoli is hit by Brady Skjei and loses puck.
5:46 of 2nd period - Wrist shot by Darren Helm.
5:46 of 2nd period - Shot Misses the Net.
5:48 of 2nd period - Snap shot by Joel Eriksson Ek.
5:48 of 2nd period - Stopped by Andrei Vasilevskiy without a rebound.
5:49 of 2nd period - Jonathan Toews wins face-off versus Valtteri Filppula in Golden Seals zone.
6:14 of 2nd period - Snap shot by Joe Pavelski.
6:14 of 2nd period - Shot Misses the Net.
6:36 of 2nd period - Josh Bailey is hit by Colin Wilson and loses puck.
6:43 of 2nd period - Snap shot by Colin Wilson.
6:43 of 2nd period - Stopped by Antti Raanta without a rebound.
6:44 of 2nd period - Jonathan Toews wins face-off versus Elias Pettersson in Capitals zone.
6:45 of 2nd period - Wrist shot by Max Domi.
6:45 of 2nd period - Deflect By Jonathan Toews.
6:45 of 2nd period - Shot Misses the Net.
6:45 of 2nd period - Puck is out of play.
6:46 of 2nd period - Brock Nelson wins face-off versus Jonathan Toews in Capitals zone.
7:43 of 2nd period - Snap shot by Jaden Schwartz.
7:43 of 2nd period - Stopped by Antti Raanta with a rebound.
7:45 of 2nd period - Slapshot by Robert Hagg.
7:45 of 2nd period - Shot Hit the Post.
7:55 of 2nd period - Slapshot by Oliver Ekman-Larsson.
7:55 of 2nd period - Stopped by Andrei Vasilevskiy with a rebound.
8:54 of 2nd period - Ian Cole is hit by Miles Wood and loses puck.
9:01 of 2nd period - Snap shot by Jaden Schwartz.
9:01 of 2nd period - Shot Misses the Net.
9:03 of 2nd period - Slapshot by Cody Ceci.
9:03 of 2nd period - Deflect By Brock Nelson.
9:03 of 2nd period - Stopped by Antti Raanta without a rebound.
9:04 of 2nd period - Jonathan Toews wins face-off versus Claude Giroux in Capitals zone.
9:07 of 2nd period - Snap shot by Ondrej Kase.
9:07 of 2nd period - Stopped by Antti Raanta with a rebound.
9:09 of 2nd period - Slapshot by Colton Parayko.
9:09 of 2nd period - Stopped by Antti Raanta without a rebound.
9:10 of 2nd period - Claude Giroux wins face-off versus Jonathan Toews in Capitals zone.
9:48 of 2nd period - Off-side.
9:49 of 2nd period - Claude Giroux wins face-off versus Ivan Barbashev in neutral zone.
9:52 of 2nd period - Snap shot by Jake Guentzel.
9:52 of 2nd period - Shot Blocked by Nate Schmidt.
9:54 of 2nd period - Wrist shot by Tomas Tatar.
9:54 of 2nd period - Stopped by Andrei Vasilevskiy with a rebound.
9:56 of 2nd period - Wrist shot by Tomas Tatar.
9:56 of 2nd period - Shot Misses the Net.
9:58 of 2nd period - Slapshot by Ian Cole.
9:58 of 2nd period - Stopped by Andrei Vasilevskiy without a rebound.
9:59 of 2nd period - Jonathan Toews wins face-off versus Claude Giroux in Golden Seals zone.
10:32 of 2nd period - Brady Skjei is hit by Cody Ceci and loses puck.
10:37 of 2nd period - Snap shot by William Karlsson.
10:37 of 2nd period - Shot Misses the Net.
10:49 of 2nd period - Wrist shot by Elias Pettersson.
10:49 of 2nd period - Shot Blocked by Ivan Barbashev.
11:07 of 2nd period - Snap shot by Colin Wilson.
11:07 of 2nd period - Shot Misses the Net.
11:09 of 2nd period - Snap shot by Keith Yandle.
11:09 of 2nd period - Stopped by Antti Raanta with a rebound.
11:15 of 2nd period - Snap shot by Mark Letestu.
11:15 of 2nd period - Shot Blocked by Brady Skjei.
11:17 of 2nd period - Slapshot by Robert Hagg.
11:17 of 2nd period - Goal by Robert Hagg - Golden Seals : 1 - Capitals : 1.
11:18 of 2nd period - Jonathan Toews wins face-off versus Tomas Tatar in neutral zone.
11:25 of 2nd period - Jake Guentzel is hit by Colton Parayko and loses puck.
11:34 of 2nd period - Wrist shot by Zach Bogosian.
11:34 of 2nd period - Shot Misses the Net.
11:51 of 2nd period - Snap shot by Tyler Toffoli.
11:51 of 2nd period - Stopped by Antti Raanta with a rebound.
11:53 of 2nd period - Slapshot by Colton Parayko.
11:53 of 2nd period - Deflect By Joe Pavelski.
11:53 of 2nd period - Stopped by Antti Raanta with a rebound.
11:55 of 2nd period - Slapshot by Colton Parayko.
11:55 of 2nd period - Shot Blocked by Damon Severson.
11:57 of 2nd period - Wrist shot by Tyler Toffoli.
11:57 of 2nd period - Stopped by Antti Raanta with a rebound.
12:07 of 2nd period - Cody Ceci is hit by Darren Helm and loses puck.
12:19 of 2nd period - Icing by Olli Maatta.
12:20 of 2nd period - Claude Giroux wins face-off versus Ivan Barbashev in Golden Seals zone.
12:41 of 2nd period - Slapshot by Jaden Schwartz.
12:41 of 2nd period - Stopped by Antti Raanta with a rebound.
12:43 of 2nd period - Slapshot by Olli Maatta.
12:43 of 2nd period - Shot Blocked by Zach Bogosian.
12:47 of 2nd period - Wrist shot by Miles Wood.
12:47 of 2nd period - Shot Blocked by Anton Stralman.
13:31 of 2nd period - Snap shot by Miles Wood.
13:31 of 2nd period - Stopped by Antti Raanta with a rebound.
13:33 of 2nd period - Wrist shot by Jaden Schwartz.
13:33 of 2nd period - Stopped by Antti Raanta with a rebound.
13:35 of 2nd period - Slapshot by Olli Maatta.
13:35 of 2nd period - Stopped by Antti Raanta with a rebound.
13:37 of 2nd period - Wrist shot by Jaden Schwartz.
13:37 of 2nd period - Shot Misses the Net.
13:39 of 2nd period - Wrist shot by Jaden Schwartz.
13:39 of 2nd period - Stopped by Antti Raanta with a rebound.
13:55 of 2nd period - Slapshot by Jaden Schwartz.
13:55 of 2nd period - Deflect By Miles Wood.
13:55 of 2nd period - Shot Blocked by Tomas Tatar.
13:55 of 2nd period - Puck is out of play.
13:56 of 2nd period - Brock Nelson wins face-off versus Jonathan Toews in Capitals zone.
14:11 of 2nd period - Snap shot by Josh Bailey.
14:11 of 2nd period - Stopped by Andrei Vasilevskiy with a rebound.
14:13 of 2nd period - Snap shot by Josh Bailey.
14:13 of 2nd period - Shot Misses the Net.
14:23 of 2nd period - Darren Helm is hit by Nate Schmidt and loses puck.
15:07 of 2nd period - Oliver Ekman-Larsson is hit by Ondrej Kase and loses puck.
15:29 of 2nd period - Mark Letestu is hit by Brady Skjei.
15:52 of 2nd period - Ondrej Kase is hit by Anton Stralman and loses puck.
16:09 of 2nd period - Brady Skjei is hit by Joe Pavelski and loses puck.
16:53 of 2nd period - Nate Schmidt is hit by Tomas Tatar and loses puck.
17:38 of 2nd period - Ian Cole is hit by Colin Wilson and loses puck.
17:45 of 2nd period - Keith Yandle is hit by Zach Bogosian and loses puck.
17:52 of 2nd period - Wrist shot by Tomas Tatar.
17:52 of 2nd period - Stopped by Andrei Vasilevskiy without a rebound.
17:53 of 2nd period - Brock Nelson wins face-off versus William Karlsson in Golden Seals zone.
18:48 of 2nd period - Wrist shot by Jaden Schwartz.
18:48 of 2nd period - Shot Misses the Net.
18:50 of 2nd period - Wrist shot by Jaden Schwartz.
18:50 of 2nd period - Deflect By Miles Wood.
18:50 of 2nd period - Stopped by Antti Raanta without a rebound.
18:51 of 2nd period - Jonathan Toews wins face-off versus Brock Nelson in Capitals zone.
19:28 of 2nd period - Tomas Tatar is hit by Tyler Toffoli and loses puck.
Goals for this period are 1 for Golden Seals vs 0 for Capitals.
Shots for this period are 22 for Golden Seals vs 7 for Capitals.

3rd period


0:01 of 3rd period - Jonathan Toews wins face-off versus Brock Nelson in neutral zone.
0:04 of 3rd period - Slapshot by Ondrej Kase.
0:04 of 3rd period - Shot Misses the Net.
0:26 of 3rd period - Claude Giroux is hit by Tyler Toffoli and loses puck.
0:35 of 3rd period - Snap shot by William Karlsson.
0:35 of 3rd period - Stopped by Antti Raanta without a rebound.
0:36 of 3rd period - Jonathan Toews wins face-off versus Valtteri Filppula in Capitals zone.
0:41 of 3rd period - Snap shot by Max Domi.
0:41 of 3rd period - Deflect By Jonathan Toews.
0:41 of 3rd period - Stopped by Antti Raanta with a rebound.
1:01 of 3rd period - Keith Yandle is hit by Ian Cole.
1:13 of 3rd period - Wrist shot by William Karlsson.
1:13 of 3rd period - Stopped by Antti Raanta with a rebound.
1:57 of 3rd period - Snap shot by Nate Schmidt.
1:57 of 3rd period - Stopped by Antti Raanta with a rebound.
2:59 of 3rd period - Jaden Schwartz is hit by Ian Cole and loses puck.
3:37 of 3rd period - Snap shot by Elias Pettersson.
3:37 of 3rd period - Shot Misses the Net.
4:20 of 3rd period - Snap shot by Claude Giroux.
4:20 of 3rd period - Stopped by Andrei Vasilevskiy with a rebound.
5:02 of 3rd period - Slapshot by Zach Bogosian.
5:02 of 3rd period - Shot Misses the Net.
5:14 of 3rd period - Slapshot by Anton Stralman.
5:14 of 3rd period - Shot Misses the Net.
5:16 of 3rd period - Wrist shot by Derek Grant.
5:16 of 3rd period - Stopped by Andrei Vasilevskiy without a rebound.
5:17 of 3rd period - William Karlsson wins face-off versus Derek Grant in Golden Seals zone.
5:28 of 3rd period - Wrist shot by Riley Sheahan.
5:28 of 3rd period - Shot Misses the Net.
5:30 of 3rd period - Snap shot by Riley Sheahan.
5:30 of 3rd period - Deflect By Tyler Pitlick.
5:30 of 3rd period - Stopped by Andrei Vasilevskiy with a rebound.
5:32 of 3rd period - Wrist shot by Derek Grant.
5:32 of 3rd period - Stopped by Andrei Vasilevskiy without a rebound.
5:33 of 3rd period - Claude Giroux wins face-off versus Jonathan Toews in Golden Seals zone.
5:44 of 3rd period - Slapshot by Ondrej Kase.
5:44 of 3rd period - Shot Blocked by Oliver Ekman-Larsson.
5:46 of 3rd period - Snap shot by Ondrej Kase.
5:46 of 3rd period - Deflect By Tomas Tatar.
5:46 of 3rd period - Shot Misses the Net.
5:46 of 3rd period - Puck is out of play.
5:47 of 3rd period - Brock Nelson wins face-off versus William Karlsson in Capitals zone.
6:02 of 3rd period - Snap shot by Elias Pettersson.
6:02 of 3rd period - Shot Misses the Net.
7:15 of 3rd period - Icing by Cody Ceci.
7:16 of 3rd period - Brock Nelson wins face-off versus William Karlsson in Golden Seals zone.
7:23 of 3rd period - Snap shot by Josh Bailey.
7:23 of 3rd period - Shot Blocked by Joe Pavelski.
8:13 of 3rd period - Off-side.
8:14 of 3rd period - William Karlsson wins face-off versus Claude Giroux in neutral zone.
8:51 of 3rd period - Slapshot by Ondrej Kase.
8:51 of 3rd period - Shot Misses the Net.
9:07 of 3rd period - Wrist shot by Jaden Schwartz.
9:07 of 3rd period - Shot Misses the Net.
9:09 of 3rd period - Snap shot by Miles Wood.
9:09 of 3rd period - Shot Blocked by Valtteri Filppula.
9:11 of 3rd period - Slapshot by Olli Maatta.
9:11 of 3rd period - Stopped by Antti Raanta with a rebound.
9:32 of 3rd period - Snap shot by Riley Sheahan.
9:32 of 3rd period - Shot Misses the Net.
10:29 of 3rd period - Slapshot by Damon Severson.
10:29 of 3rd period - Deflect By Miles Wood.
10:29 of 3rd period - Stopped by Andrei Vasilevskiy without a rebound.
10:30 of 3rd period - William Karlsson wins face-off versus Valtteri Filppula in Golden Seals zone.
10:35 of 3rd period - Slapshot by Nate Schmidt.
10:35 of 3rd period - Stopped by Antti Raanta without a rebound.
10:36 of 3rd period - Claude Giroux wins face-off versus William Karlsson in Capitals zone.
10:36 of 3rd period - Claude Giroux is hit by Joe Pavelski.
10:42 of 3rd period - Joe Pavelski is hit by Jake Guentzel and loses puck.
11:15 of 3rd period - Wrist shot by William Karlsson.
11:15 of 3rd period - Shot Blocked by Ian Cole.
11:17 of 3rd period - Snap shot by William Karlsson.
11:17 of 3rd period - Stopped by Antti Raanta with a rebound.
11:19 of 3rd period - Slapshot by Colton Parayko.
11:19 of 3rd period - Shot Blocked by Joel Eriksson Ek.
11:21 of 3rd period - Slapshot by Nate Schmidt.
11:21 of 3rd period - Deflect By William Karlsson.
11:21 of 3rd period - Shot Hit the Post.
11:21 of 3rd period - Puck is out of play.
11:22 of 3rd period - Claude Giroux wins face-off versus Jonathan Toews in Capitals zone.
11:24 of 3rd period - Icing by Oliver Ekman-Larsson.
11:25 of 3rd period - Jonathan Toews wins face-off versus Claude Giroux in Capitals zone.
11:59 of 3rd period - Slapshot by Jaden Schwartz.
11:59 of 3rd period - Stopped by Antti Raanta with a rebound.
13:03 of 3rd period - Slapshot by Jake Guentzel.
13:03 of 3rd period - Deflect By Tomas Tatar.
13:03 of 3rd period - Shot Misses the Net.
13:03 of 3rd period - Puck is out of play.
13:04 of 3rd period - Brock Nelson wins face-off versus William Karlsson in Golden Seals zone.
13:07 of 3rd period - Snap shot by Josh Bailey.
13:07 of 3rd period - Shot Misses the Net.
13:09 of 3rd period - Backhand shot by Elias Pettersson.
13:09 of 3rd period - Deflect By Brock Nelson.
13:09 of 3rd period - Shot Blocked by Nate Schmidt.
13:09 of 3rd period - Puck is out of play.
13:10 of 3rd period - William Karlsson wins face-off versus Brock Nelson in Golden Seals zone.
13:21 of 3rd period - Josh Bailey is hit by Nate Schmidt and loses puck.
13:44 of 3rd period - Wrist shot by Valtteri Filppula.
13:44 of 3rd period - Stopped by Andrei Vasilevskiy without a rebound.
13:45 of 3rd period - Jonathan Toews wins face-off versus Claude Giroux in Golden Seals zone.
14:12 of 3rd period - Robert Hagg is hit by Josh Bailey and loses puck.
14:19 of 3rd period - Backhand shot by Josh Bailey.
14:19 of 3rd period - Goal by Josh Bailey - Golden Seals : 1 - Capitals : 2.
14:20 of 3rd period - Jonathan Toews wins face-off versus Claude Giroux in neutral zone.
14:53 of 3rd period - Slapshot by Josh Bailey.
14:53 of 3rd period - Shot Misses the Net.
15:11 of 3rd period - Slapshot by Oliver Ekman-Larsson.
15:11 of 3rd period - Shot Blocked by Cody Ceci.
15:13 of 3rd period - Snap shot by Darren Helm.
15:13 of 3rd period - Stopped by Andrei Vasilevskiy without a rebound.
15:14 of 3rd period - Valtteri Filppula wins face-off versus Ivan Barbashev in Golden Seals zone.
15:15 of 3rd period - Wrist shot by Darren Helm.
15:15 of 3rd period - Deflect By Valtteri Filppula.
15:15 of 3rd period - Shot Misses the Net.
15:15 of 3rd period - Puck is out of play.
15:16 of 3rd period - Jonathan Toews wins face-off versus Valtteri Filppula in Golden Seals zone.
16:06 of 3rd period - Snap shot by Josh Bailey.
16:06 of 3rd period - Deflect By Elias Pettersson.
16:06 of 3rd period - Stopped by Andrei Vasilevskiy without a rebound.
16:07 of 3rd period - Jonathan Toews wins face-off versus Brock Nelson in Golden Seals zone.
16:17 of 3rd period - Minor Penalty to Ian Cole for Tripping.
16:18 of 3rd period - Valtteri Filppula wins face-off versus Jonathan Toews in Capitals zone.
16:18 of 3rd period - Valtteri Filppula is hit by Nate Schmidt.
18:17 of 3rd period - Penalty to Ian Cole is over, Ian Cole is back on ice.
18:47 of 3rd period - Snap shot by Damon Severson.
18:47 of 3rd period - Shot Blocked by Keith Yandle.
18:49 of 3rd period - Wrist shot by Ian Cole.
18:49 of 3rd period - Stopped by Andrei Vasilevskiy with a rebound.
18:51 of 3rd period - Snap shot by Elias Pettersson.
18:51 of 3rd period - Deflect By Riley Sheahan.
18:51 of 3rd period - Shot Misses the Net.
18:51 of 3rd period - Puck is out of play.
18:52 of 3rd period - Mike Babcock call a timeout for Golden Seals.
18:52 of 3rd period - Max Domi wins face-off versus Claude Giroux in Golden Seals zone.
19:07 of 3rd period - Slapshot by Anton Stralman.
19:07 of 3rd period - Shot Misses the Net.
19:21 of 3rd period - Snap shot by Tomas Tatar.
19:21 of 3rd period - Shot Blocked by Colton Parayko.
19:23 of 3rd period - Wrist shot by Brock Nelson.
19:23 of 3rd period - Stopped by Andrei Vasilevskiy with a rebound.
19:25 of 3rd period - Wrist shot by Oliver Ekman-Larsson.
19:25 of 3rd period - Stopped by Andrei Vasilevskiy without a rebound.
19:26 of 3rd period - Claude Giroux wins face-off versus Jonathan Toews in Golden Seals zone.
19:53 of 3rd period - Wrist shot by Claude Giroux.
19:53 of 3rd period - Stopped by Andrei Vasilevskiy with a rebound.
19:57 of 3rd period - Slapshot by Claude Giroux.
19:57 of 3rd period - Stopped by Andrei Vasilevskiy without a rebound.
19:58 of 3rd period - Jonathan Toews wins face-off versus Claude Giroux in Golden Seals zone.
Goals for this period are 0 for Golden Seals vs 1 for Capitals.
Shots for this period are 8 for Golden Seals vs 14 for Capitals.